AoeStats
← Ambicia

Golden Pit

508020622Analyzed
1v1 RM · 12d ago on Sep 20, 2026· 44m 16s· 2 players
Game mode
Random Map
Map size
Tiny (2 player)
Population
200
Speed
Normal
Resources
Standard
Victory
Conquest
Starting age
Dark Age
Ending age
Imperial Age
RankedLock teamsTeams togetherTeam positionsShared explorationLock speedFull tech treeHidden civsTurbo modeCheats
Victory
Defeat
🇨🇱 Persians · Chile
834
+17
🇺🇦 Koreans · Ukraine
859
-17
rod.guezc
0:30 Loom
9:53 Feudal Age
10:30 Double-Bit Axe
20:43 Castle Age
18:50 Horse Collar
31:54 Imperial Age
29:18 Town Watch
30:22 Stone Mining
32:42 Wheelbarrow
32:44 Conscription
41:41 Husbandry
41:02 Cavalier
43:58 Gold Mining
44:59 Hand Cart
Ambicia
6:22 Loom
10:40 Feudal Age
12:09 Double-Bit Axe
13:55 Wheelbarrow
13:19 Stone Mining
14:25 Horse Collar
19:57 Wheelbarrow
25:41 Castle Age
23:43 Fletching
24:10 Gold Mining
27:49 Hand Cart
27:47 Bow Saw
28:25 Bodkin Arrow
30:08 Stone Shaft Mining
30:36 Eupseong
33:13 Squires
37:02 Imperial Age
37:30 Arrowslits
37:53 Bracer
43:12 Chemistry
42:13 Murder Holes
43:46 Thumb Ring
43:04 Crossbowman
Connection lost

Rejoining the realm…

Still unreachable

The connection could not be restored.

Session expired

The server has moved on; the page needs a fresh start.